 Dungeon Crawl Stone Soup version 0.19-a0-1008-g4c63d25 (webtiles) character file.

79 poirepourri the Shooter (level 4, 0/29 HPs)
             Began as a High Elf Hunter on July 23, 2016.
             Slain by a dart slug (1 damage)
             ... on level 3 of the Dungeon.
             The game lasted 00:02:41 (1580 turns).

poirepourri the Shooter (High Elf Hunter)           Turns: 1580, Time: 00:02:42

Health: 0/29       AC:  4    Str: 11    XL:     4   Next: 16%
Magic:  5/5        EV: 12    Int: 15    God:
Gold:   128        SH:  0    Dex: 16    Spells: 0 memorised, 3 levels left

rFire  . . .     SeeInvis .     a - +1 shortbow
rCold  . . .     Gourm    .     c - +1 leather armour
rNeg   . . .     Faith    .     (shield currently unavailable)
rPois  .         Spirit   .     (no helmet)
rElec  .         Dismiss  .     (no cloak)
rCorr  .         Reflect  .     (no gloves)
SustAt .         Harm     .     (no boots)
MR     .....                    (no amulet)
Stlth  ++........               (no ring)
                                (no ring)

@: not resistant to hostile enchantments, unstealthy
A: no striking features
a: no special abilities


You were on level 3 of the Dungeon.
You were not hungry.

You visited 1 branch of the dungeon, and saw 3 of its levels.

You collected 128 gold pieces.

Inventory:

Hand Weapons
 a - a +1 shortbow (weapon)
 b - a +0 short sword
Missiles
 d - an arrow (quivered)
Armour
 c - a +1 leather armour (worn)
 j - a +2 buckler of reflection
Jewellery
 m - a cursed amulet of dismissal {unknown}
 r - an uncursed ring of resist corrosion
Wands
 q - a wand of iceblast (4/15)
Scrolls
 e - 2 scrolls of amnesia
 h - 2 scrolls of teleportation
 s - a scroll of remove curse {unknown}
Potions
 l - a potion of brilliance {unknown}
 p - a potion of lignification {unknown}
 t - a potion of heal wounds {unknown}
Comestibles
 f - 3 bread rations
 g - a beef jerky
 u - 9 fruits


   Skills:
 + Level 2.1 Fighting
 + Level 7.5 Bows
 - Level 2.1 Dodging
 - Level 1.1 Stealth


You had 3 spell levels left.
You didn't know any spells.

Dungeon Overview and Level Annotations

Branches:
Dungeon (3/15)

Altars:
Gozag


Message History

The adder barely misses you.
Firing (i - inventory):
d - 2 arrows (quivered)
Press: ? - help, Shift-Dir - straight line, f/p - adder
Aim: an adder (severely wounded)
You shoot an arrow. The arrow hits the adder!
You kill the adder!
You start resting.
An orc opens the door.
It is wielding a whip of venom.
An orc is nearby!
An orc is nearby!
An orc and an orc wizard come into view.
As you read the scroll of teleportation, it crumbles to dust.
You feel strangely unstable.
An orc comes into view. It is wielding a short sword.
The orc shouts!
Your surroundings suddenly seem different.
An orc comes into view. It is wielding a hand axe.
The orc shouts! x2
The dart slug bites you.
You die...

############
#..........# #######
#..........# #..)..###
#..........# #..)o....
#.....@w...#**#'##..!..
#............o..oo..###
#...................#**
#########...o.......#,,
*...........#,*
*,........(.#,,
***####+##..#<*
*,**,,*,* ***,**,,*,*


You could see a dart slug and 2 orcs.

Vanquished Creatures
  2 adders
  An ooze (D:1)
  A worm (D:2)
  6 dart slugs
  A giant gecko (D:1)
  An orc (D:3)
  2 ball pythons (D:2)
  2 giant cockroaches
  5 goblins
  3 hobgoblins
  6 kobolds
  5 bats
  6 giant newts
  A rat (D:1)
42 creatures vanquished.

Notes
Turn   | Place    | Note
-------+----------+-------------------------------------------
     0 | D:1      | poirepourri the High Elf Hunter began the quest for the Orb.
     0 | D:1      | Reached XP level 1. HP: 14/14 MP: 2/2
   291 | D:1      | Reached XP level 2. HP: 19/19 MP: 3/3
   348 | D:1      | Reached skill level 6 in Bows
   779 | D:1      | Reached XP level 3. HP: 20/24 MP: 4/4
  1144 | D:2      | Found a faded altar of an unknown god.
  1270 | D:2      | Reached skill level 7 in Bows
  1372 | D:2      | Found an opulent altar of Gozag.
  1558 | D:3      | Reached XP level 4. HP: 18/29 MP: 5/5
  1569 | D:3      | HP: 1/29 [adder (5)]
  1580 | D:3      | Slain by a dart slug

Vault maps used:
D:1:      nagdon_arrival_double_spiral, minmay_heptomino_d4
D:2:      lemuel_coloured_pillars_altar, ecumenical_altar_1, first_bread
D:3:      minmay_stone_trees_medium

Skill      XL: |  1  2  3 |
---------------+----------+-----
Bows           | 6 7 |  7.5
Fighting       | |  2.1
Dodging        | |  2.1
Stealth        | |  1.1

Action                   |  1- 3 |  4- 6 || total
-------------------------+-------+-------++-------
 Fire: Shortbow          |    95 |    13 ||   108
  Use: Scroll            |     6 |     1 ||     7
       Potion            |       |     2 ||     2
  Eat: Meat ration       |     1 |       ||     1
Armor: Leather armour    |     4 |     3 ||     7
Dodge: Dodged            |    14 |    11 ||    25
